 Dungeon Crawl Stone Soup version 0.28-a0-178-ga708605c5b (webtiles) character file.

Game seed: 10424449837947763013

4 Whiskey the Shield-Bearer (level 1, -1/18 HPs)
             Began as a Formicid Fighter on Aug 17, 2021.
             Frozen to death by an endoplasm (5 damage)
             ... on level 1 of the Dungeon.
             The game lasted 00:00:50 (170 turns).

Whiskey the Shield-Bearer (Formicid Fighter)         Turns: 170, Time: 00:00:51

Health: -1/18      AC:  6    Str: 20    XL:     1   Next: 66%
Magic:  1/1        EV:  7    Int:  7    God:
Gold:   0          SH:  8    Dex: 10    Spells: 0/0 levels left

rFire   . . .      SeeInvis +   a - +0 war axe
rCold   . . .      Faith    .   c - +0 kite shield
rNeg    . . .      Spirit   .   b - +0 scale mail
rPois   .          Reflect  .   (helmet unavailable)
rElec   .          Harm     .   (no cloak)
rCorr   .          Rampage  .   (no gloves)
Will    .....                   (no boots)
Stlth   ..........              (no amulet)
HPRegen 0.06/turn               (no ring)
MPRegen 0.07/turn               (no ring)

@: no status effects
A: permanent stasis, dig shafts and tunnels, antennae 3, four strong arms
a: Dig, Shaft Self


You were on level 1 of the Dungeon.
You visited 1 branch of the dungeon, and saw 1 of its levels.

Inventory:

Hand Weapons
 a - a +0 war axe (weapon)
Armour
 b - a +0 scale mail (worn)
 c - a +0 kite shield (worn)
Potions
 d - a potion of might


   Skills:
 + Level 3.3 Fighting
 + Level 2.1 Axes
 + Level 3.3 Armour
 + Level 3.7 Shields


You couldn't memorise any spells.
You didn't know any spells.
Your spell library was empty.

Dungeon Overview and Level Annotations

Branches:
Dungeon (1/15)

Altars:


Innate Abilities, Weirdness & Mutations

You cannot be hasted, slowed, berserked, paralysed or teleported.
You can dig through walls and to a lower floor.
You have a pair of large antennae on your head. (SInv)
Your four strong arms can wield two-handed weapons with a shield.


Message History

The endoplasm quivers.
The endoplasm freezes you.
You are frozen.
You take 2 damage, and have 16/18 hp.
You hit the endoplasm.
The endoplasm hits you but does no damage.
You hit the endoplasm.
You kill the endoplasm!
No target in view!
No target in view!
No target in view!
No target in view!
No target in view!
No target in view!
No target in view!
No target in view!
No target in view!
No target in view!
No target in view!
No target in view!
No target in view!
A frilled lizard comes into view.
Health restored: 18 The frilled lizard bites you but does no damage.
You barely miss the frilled lizard. The frilled lizard barely misses you.
You miss the frilled lizard. The frilled lizard bites you. x2
You take 2 damage, and have 16/18 hp.
You miss the frilled lizard.
The frilled lizard bites you but does no damage.
You miss the frilled lizard. The frilled lizard barely misses you.
You block the frilled lizard's attack.
You slash the frilled lizard!
You kill the frilled lizard!
You sense a monster nearby.
Health restored: 18 You sense a monster nearby.
A bat comes into view.
A goblin comes into view. It is wielding a +0 dagger.
The goblin shouts!
You block the bat's attack. The bat hits you. The goblin closely misses you.
You take 1 damage, and have 17/18 hp.
You closely miss the goblin. You barely miss the bat.
You block the bat's attack. The bat hits you but does no damage.
The goblin hits you but does no damage. The bat barely misses you.
Health restored: 18 You closely miss the goblin.
You closely miss the bat. You block the bat's attack.
The goblin barely misses you. The goblin hits you but does no damage.
You barely miss the goblin. The bat hits you but does no damage.
You block the goblin's attack. The bat completely misses you.
You closely miss the goblin. You hit the bat but do no damage.
The bat hits you but does no damage. The goblin hits you with a +0 dagger.
The goblin hits you but does no damage.
You take 3 damage, and have 15/18 hp.
You barely miss the goblin. You hit the bat but do no damage.
You block the bat's attack. x2; The goblin hits you with a +0 dagger.
You take 1 damage, and have 14/18 hp.
You completely miss the goblin. You hit the bat.
You kill the bat!
The goblin hits you but does no damage. x2
You closely miss the goblin. You block the goblin's attack.
The goblin barely misses you.
You hit the goblin. The goblin hits you but does no damage.
You hit the goblin but do no damage.
The goblin hits you but does no damage. x2
You slash the goblin!
You kill the goblin!
Things that are here:
a +0 dagger; a goblin corpse
Things that are here:
a +0 dagger; a goblin corpse Unknown command.
You see here a bat corpse.
Unknown command.
You start resting.
Health restored: 18
Found a faded altar of an unknown god.
An endoplasm and a kobold come into view.
The endoplasm quivers.
The endoplasm freezes you.
You are frozen.
You take 1 damage, and have 17/18 hp.
You barely miss the endoplasm. The endoplasm closely misses you.
The endoplasm freezes you.
You are frozen.
You take 3 damage, and have 14/18 hp.
You hit the endoplasm. The endoplasm freezes you.
You are frozen.
You take 5 damage, and have 9/18 hp.
MASSIVE DAMAGE!!
You hit the endoplasm.
The endoplasm jiggles.
You block the endoplasm's attack. x2
You hit the endoplasm. The endoplasm freezes you.
You are frozen.
* * * LOW HITPOINT WARNING * * *
The endoplasm freezes you.
You are frozen.
You die...

####### ...... ####
###....# ...# ......+
...+ #....######.####
#....##.@JK.....
#....##..#######
#....##..# ..
#...)###.# ##
####..†.###.#.####
....................
############.#.#.####.
..# #.#.#.#
###.##########.#.# #


You could see an endoplasm and a kobold.

Vanquished Creatures
  A bat (D:1)
  An endoplasm (D:1)
  A frilled lizard (D:1)
  A goblin (D:1)
4 creatures vanquished.

Notes
Turn   | Place    | Note
-------+----------+-------------------------------------------
     0 | D:1      | Whiskey the Formicid Fighter began the quest for the Orb.
     0 | D:1      | Reached XP level 1. HP: 18/18 MP: 1/1
   161 | D:1      | Found a faded altar of an unknown god.
   170 | D:1      | HP: 4/18 [frozen (5)]
   170 | D:1      | Frozen to death by an endoplasm

Illustrated notes

Levels and vault maps discovered:
D:1:      elethiomel_arrival_shortcut, layout_basic,
          ebering_ecumenical_altar_rust, serial_shops, nicolae_diamond_shop

Action                   || total
-------------------------++-------
Melee: War axe           ||    21
Armor: Scale mail        ||    14
Dodge: Dodged            ||     8
Block: Kite shield       ||    10

Table legend: (Time is in decaauts)
 A = Elapsed time spent in this place.
 B = Non-inter-level travel time spent in this place.
 C = Inter-level travel time spent in this place.
 D = Time resting spent in this place.
 E = Time spent auto-exploring this place.
 F = Levels seen in this place.
 G = Mean time per level.
                   A        B        C        D        E       F      G
               +--------+--------+--------+--------+--------+-----+--------+
         Total |    181 |    179 |      2 |     49 |     67 |   1 |  181.0 |
       Dungeon |    181 |    179 |      2 |     49 |     67 |   1 |  181.0 |
               +--------+--------+--------+--------+--------+-----+--------+

Top non-repeatable levels by time:
     D:1: 181 daAuts

Table legend:
 A = Kills in this place as a percentage of kills in entire the game.
 B = Kills by you in this place as a percentage of kills by you in the entire game.
 C = Kills by friends in this place as a percentage of kills by friends in the entire game.
 D = Other kills in this place as a percentage of other kills in the entire game.
 E = Experience gained in this place as a percentage of experience gained in the entire game.
 F = Experience gained in this place divided by the number of levels of this place that you have seen.
                   A       B       C       D       E      F
               +-------+-------+-------+-------+-------+----------------------
         Total | 100.0 | 100.0 |   N/A |   N/A | 100.0 |   6.0
       Dungeon | 100.0 | 100.0 |   N/A |   N/A | 100.0 |   6.0
               +-------+-------+-------+-------+-------+----------------------
